 Dungeon Crawl Stone Soup version 0.21-a0-642-g5d013b2151 (webtiles) character file.

32 Manul the Skirmisher (level 3, -18/26 HPs)
             Began as an Octopode Abyssal Knight on Dec 31, 2017.
             Was a Follower of Lugonu.
             Demolished by a large abomination (34 damage)
             ... on level 2 of the Abyss.
             The game lasted 00:01:48 (398 turns).

Manul the Skirmisher (Octopode Abyssal Knight)       Turns: 398, Time: 00:01:48

Health: -18/26     AC:  1    Str: 11      XL:     3   Next: 25%
Magic:  4/4        EV: 13    Int: 14      God:    Lugonu [*.....]
Gold:   0          SH:  0    Dex:  7 (12) Spells: 2/2 levels left

rFire    . . .     SeeInvis .   a - +1 short sword
rCold    . . .     Gourm    .   (no shield)
rNeg     . . .     Faith    .   (helmet restricted)
rPois    .         Spirit   .   e - amulet of rage
rElec    .         Reflect  .   (no ring)
rCorr    .         Harm     .   (no ring)
MR       .....                  (no ring)
Stlth    ++........             (no ring)
HPRegen  0.00/turn              (no ring)
MPRegen  0.09/turn              (no ring)
                                (no ring)
                                (no ring)

@: non-regenerating, diseased
A: almost no armour, stealthy swim, amphibious, 8 rings, constrict 8, camouflage
1, gelatinous body 1
a: Depart the Abyss, Renounce Religion, Evoke Berserk Rage


You were on level 2 of the Abyss.
You worshipped Lugonu.
Lugonu was aware of your devotion.
You were not hungry.

You visited 0 branches of the dungeon, and saw 0 of its levels.
You visited the Abyss 1 time.

Inventory:

Hand Weapons
 a - a +1 short sword (weapon)
 g - a +0 great sword
Missiles
 d - 3 tomahawks of dispersal (quivered)
Jewellery
 e - an amulet of rage (around mantle)
Wands
 h - a wand of paralysis (6)
Potions
 c - a potion of haste
 f - a potion of heal wounds {unknown}
Comestibles
 b - a ration


   Skills:
 + Level 3.6 Fighting
 + Level 2.2 Short Blades
 + Level 2.9 Dodging
 + Level 0.2 Stealth
 + Level 2.1 Invocations


You had 2 spell levels left.
You didn't know any spells.

Dungeon Overview and Level Annotations

Branches:
Dungeon (0/15)

Altars:


Innate Abilities, Weirdness & Mutations

You cannot wear most types of armour.
You are very stealthy in the water. (Stealth+)
You are amphibious.
You can wear up to eight rings at the same time.
You can use your tentacles to constrict eight enemies at once.
Your skin changes colour to match your surroundings (Stealth+).
Your rubbery body absorbs attacks. (AC +1, EV +1)


Message History

An ancient zyme comes into view.
You feel yourself growing ill in the presence of the ancient zyme.
Evoke which item? (* to show all) (? for menu, Esc to quit)
Aiming: Paralyse
Press: ? - help, Shift-Dir - straight line, f - ancient zyme
Aim: an ancient zyme (chance to defeat MR: 15%)
The ancient zyme resists with almost no effort.
Evoke which item? (* to show all) (? for menu, Esc to quit)
Aiming: Paralyse
Press: ? - help, Shift-Dir - straight line, f/p - ancient zyme
Aim: an ancient zyme (chance to defeat MR: 15%)
The ancient zyme resists with almost no effort.
You feel ill.
A ynoxinul comes into view.
The ynoxinul moves out of view.
You feel ill. The ancient zyme closely misses you.
The ancient zyme barely misses you.
A large abomination comes into view.
The large abomination hits you!!
Ouch! That really hurt!
You die...

.. ..#.. ####...#
....#..####.#..##...
#...#.##........###
#..... #.......##.#
####...#..#......##
#..##...###.#..#
#.....##......##..
###### #..x..## .#
........#.#@# #
..#... ...#.X.....#
#...##.##.#..####
#..#. ....###...
#.#.##..### ....# .
. .3. ##.. # ..#. #


You could see an ancient zyme and a large abomination.

Vanquished Creatures
  A quasit (Abyss:1)
1 creature vanquished.

Notes
Turn   | Place    | Note
-------+----------+-------------------------------------------
     0 | Abyss:1  | Manul the Octopode Abyssal Knight began the quest for the Orb.
     0 | Abyss:1  | Reached XP level 1. HP: 16/16 MP: 2/2
    25 | Abyss:1  | Noticed a thrashing horror
   210 | Abyss:1  | Noticed a quasit
   224 | Abyss:1  | Killed a quasit
   224 | Abyss:1  | Reached XP level 2. HP: 2/21 MP: 3/3
   224 | Abyss:1  | Reached XP level 3. HP: 3/26 MP: 4/4
   248 | Abyss:1  | Found a corrupted altar of Lugonu.
   254 | Abyss:1  | Noticed a large abomination
   259 | Abyss:1  | Noticed a great orb of eyes
   296 | Abyss:1  | Noticed a large abomination
   300 | Abyss:1  | Noticed a large abomination
   304 | Abyss:1  | Noticed a small abomination
   306 | Abyss:1  | Noticed a small abomination
   351 | Abyss:2  | Noticed a smoke demon
   387 | Abyss:2  | Noticed an ancient zyme
   394 | Abyss:2  | Noticed a ynoxinul
   396 | Abyss:2  | Noticed a large abomination
   398 | Abyss:2  | Demolished by a large abomination

Vault maps used:

Action                   || total
-------------------------++-------
Melee: Short sword       ||     6
       Constrict         ||     1
Evoke: Wand              ||     2
  Use: Scroll            ||     1
Armor: Skin              ||     4
Dodge: Dodged            ||     7

Table legend:
 A = Spawn XP
 B = Non-spawn XP
 C = Spawn XP percentage of total XP
 D = Spawn monster count
 E = Non-spawn monster count
 F = Spawn count percentage of total count
 G = Total turns spent on level
                    A         B        C        D         E        F      G
               +---------+---------+-------+---------+---------+-------+---------
         Total |       0 |      46 |   0.0 |       0 |       1 |   0.0 |   398
               +---------+---------+-------+---------+---------+-------+---------
       Abyss:1 |       0 |      46 |   0.0 |       0 |       1 |   0.0 |   310
               +---------+---------+-------+---------+---------+-------+---------
